[Event "11th Festival Palmanova-B 2022"]
[Site "Strassoldo"]
[Date "2022.12.08"]
[Round "1.1"]
[White "Orsatti, Marcello"]
[Black "Poli, Diego"]
[Result "1/2-1/2"]
[ECO "A25"]
[WhiteElo "1862"]
[BlackElo "1646"]
[Annotator "NA RC COMBH"]
[PlyCount "112"]
[EventDate "2022.12.08"]
[EventType "swiss"]
[EventCountry "ITA"]
[SourceTitle "playchess.com"]
[Source "ChessBase"]
[SourceQuality "1"]
[TimeControl "5400+30"]

1. c4 e5 2. g3 Nf6 3. Bg2 Nc6 4. Nc3 Bb4 5. a3 Bxc3 6. bxc3 O-O 7. Rb1 d6 8. Nf3 e4 9. Nd4 Ne5 10. Qb3 Ned7 11. Qc2 Nc5 12. O-O c6 13. a4 Qa5 14. Ba3 Re8 15. Rfe1 Qc7 16. h3 h5 17. d3 exd3 18. exd3 Bd7 19. Bxc5 dxc5 20. Nb3 b6 21. a5 Rxe1+ 22. Rxe1 Re8 23. Rxe8+ Nxe8 24. Qe2 Qc8 25. Qxh5 Nd6 26. Qe5 Nb7 27. axb6 axb6 28. Nd2 Qe8 29. Nf3 b5 30. Qc7 Qc8 31. Qxc8+ Bxc8 32. cxb5 cxb5 33. Ne5 b4 34. cxb4 cxb4 35. Bd5 Na5 36. Nxf7 Kf8 37. Nd6 Bd7 38. Nc4 Nxc4 39. dxc4 Bxh3 40. f3 Bf5 41. Kf2 b3 42. c5 b2 43. Ba2 b1=Q 44. Bxb1 Bxb1 45. Ke3 Ke7 46. g4 Ba2 47. f4 Be6 48. f5 Bd7 49. Kf4 Kf7 50. g5 Ke7 51. Ke5 Bc6 52. f6+ gxf6+ 53. gxf6+ Kf7 54. Kd6 Ba4 55. c6 Bxc6 56. Kxc6 Kxf6 1/2-1/2

[Event "11th Festival Palmanova-B 2022"]
[Site "Strassoldo"]
[Date "2022.12.08"]
[Round "1.2"]
[White "Menon, Michele"]
[Black "Giuriato, Sergio"]
[Result "1-0"]
[ECO "D35"]
[WhiteElo "1599"]
[BlackElo "1836"]
[Annotator "NA RC COMBH"]
[PlyCount "85"]
[EventDate "2022.12.08"]
[EventType "swiss"]
[EventCountry "ITA"]
[SourceTitle "playchess.com"]
[Source "ChessBase"]
[SourceQuality "1"]
[TimeControl "5400+30"]

1. Nf3 Nf6 2. c4 e6 3. g3 d5 4. cxd5 exd5 5. Bg2 Bd6 6. O-O O-O 7. d4 c6 8. Nc3 Nbd7 9. Bg5 h6 10. Bd2 Re8 11. e3 b6 12. a3 Bb7 13. b4 Qe7 14. Rb1 Rad8 15. Qc2 Nf8 16. Nh4 Bb8 17. Rfe1 Qd7 18. Nf5 Ne6 19. e4 dxe4 20. Nxe4 Nxe4 21. Bxe4 Ng5 22. Bxg5 hxg5 23. Rbd1 g6 24. Ne3 Qe6 25. Bf3 Qf6 26. Kg2 Rd6 27. Ng4 Qd8 28. Rxe8+ Qxe8 29. Qc3 f5 30. Re1 Qf8 31. Ne5 g4 32. Bxc6 Rxc6 33. Nxc6 f4 34. gxf4 Bxf4 35. d5 Kh7 36. b5 Bd6 37. Re6 Qf4 38. Rf6 Qxh2+ 39. Kf1 Qh1+ 40. Ke2 Qxd5 41. Qd3 Qxd3+ 42. Kxd3 Bxa3 43. Rf7+ 1-0

[Event "11th Festival Palmanova-B 2022"]
[Site "Strassoldo"]
[Date "2022.12.09"]
[Round "2.2"]
[White "Ferrarini, Zeno"]
[Black "Predan, Luca"]
[Result "0-1"]
[ECO "A37"]
[WhiteElo "1519"]
[BlackElo "1750"]
[Annotator "NA RC COMBH"]
[PlyCount "94"]
[EventDate "2022.12.08"]
[EventType "swiss"]
[EventCountry "ITA"]
[SourceTitle "playchess.com"]
[Source "ChessBase"]
[SourceQuality "1"]
[TimeControl "5400+30"]

1. c4 c5 2. Nc3 Nc6 3. Nf3 g6 4. g3 Bg7 5. Bg2 e6 6. e3 Nge7 7. O-O O-O 8. a3 a6 9. Rb1 Rb8 10. b4 cxb4 11. axb4 b5 12. cxb5 axb5 13. d4 d5 14. Qc2 Qb6 15. Bd2 Nf5 16. Ne1 Nd6 17. Nd3 Nc4 18. Rb3 Bxd4 19. Ne2 Bg7 20. Bc3 Rd8 21. Nc5 Bf8 22. Nd3 Bg7 23. Nc5 Ra8 24. Bxg7 Kxg7 25. Qc3+ f6 26. Nf4 Kf7 27. Rd1 Ra7 28. Bxd5 exd5 29. Nxd5 Rxd5 30. Rxd5 Ne7 31. Rd1 Qc6 32. h4 Qf3 33. Ne4 Qxd1+ 34. Kh2 Nd5 35. Qd4 Qxd4 36. exd4 Ra2 37. Kg2 Bf5 38. Nc5 Nde3+ 39. Kg1 Ra1+ 40. Kh2 Ng4+ 41. Kg2 Ra2 42. Rf3 Nce3+ 43. Rxe3 Nxe3+ 44. Kf3 Nd1 45. g4 Rxf2+ 46. Kg3 Bc2 47. d5 Rd2 0-1

[Event "11th Festival Palmanova-B 2022"]
[Site "Strassoldo"]
[Date "2022.12.09"]
[Round "3.1"]
[White "Predan, Luca"]
[Black "Gasperi, Fosco"]
[Result "1/2-1/2"]
[ECO "A25"]
[WhiteElo "1750"]
[BlackElo "1725"]
[Annotator "NA RC COMBH"]
[PlyCount "45"]
[EventDate "2022.12.08"]
[EventType "swiss"]
[EventCountry "ITA"]
[SourceTitle "playchess.com"]
[Source "ChessBase"]
[SourceQuality "1"]
[TimeControl "5400+30"]

1. c4 e5 2. Nc3 Nc6 3. g3 f5 4. Bg2 Nf6 5. e3 d5 6. cxd5 Nb4 7. d3 Nfxd5 8. Nxd5 Nxd5 9. a3 c6 10. Ne2 Bd6 11. O-O Qe7 12. Nc3 Be6 13. Nxd5 Bxd5 14. Bxd5 cxd5 15. Qa4+ Qd7 16. Qxd7+ Kxd7 17. Bd2 Rhc8 18. Rac1 Rxc1 19. Rxc1 Rc8 20. Rxc8 Kxc8 21. Bc3 g6 22. d4 e4 23. Kf1 1/2-1/2

[Event "11th Festival Palmanova-B 2022"]
[Site "Strassoldo"]
[Date "2022.12.09"]
[Round "3.2"]
[White "Pin, Orlando"]
[Black "Haselsberger, Armin"]
[Result "1-0"]
[ECO "B19"]
[WhiteElo "1630"]
[BlackElo "1671"]
[Annotator "NA RC COMBH"]
[PlyCount "81"]
[EventDate "2022.12.08"]
[EventType "swiss"]
[EventCountry "ITA"]
[SourceTitle "playchess.com"]
[Source "ChessBase"]
[SourceQuality "1"]
[TimeControl "5400+30"]

1. e4 c6 2. d4 d5 3. Nc3 dxe4 4. Nxe4 Bf5 5. Ng3 Bg6 6. h4 h6 7. Nf3 Nd7 8. h5 Bh7 9. Bd3 Bxd3 10. Qxd3 e6 11. Bd2 Ngf6 12. O-O-O Be7 13. Ne4 Nxe4 14. Qxe4 Nf6 15. Qe2 Qd5 16. Kb1 Qe4 17. Rde1 Qxe2 18. Rxe2 O-O 19. c4 Rfd8 20. g4 Rd7 21. g5 hxg5 22. Bxg5 Rad8 23. h6 g6 24. Ne5 Rc7 25. Bf4 Rcc8 26. Bg5 Re8 27. f4 Nh5 28. Rg2 Bxg5 29. fxg5 Rc7 30. Rf1 Ree7 31. Rf3 c5 32. Rgf2 cxd4 33. b4 a5 34. a3 axb4 35. axb4 b5 36. c5 Ra7 37. Nc6 e5 38. Nxa7 Rxa7 39. Rxf7 Rxf7 40. Rxf7 Kxf7 41. c6 1-0

[Event "11th Festival Palmanova-B 2022"]
[Site "Strassoldo"]
[Date "2022.12.10"]
[Round "4.1"]
[White "Orsatti, Marcello"]
[Black "Pin, Orlando"]
[Result "1-0"]
[ECO "D04"]
[WhiteElo "1862"]
[BlackElo "1630"]
[Annotator "NA RC COMBH"]
[PlyCount "99"]
[EventDate "2022.12.08"]
[EventType "swiss"]
[EventCountry "ITA"]
[SourceTitle "playchess.com"]
[Source "ChessBase"]
[SourceQuality "1"]
[TimeControl "5400+30"]

1. Nf3 d5 2. d4 Nf6 3. e3 c5 4. Be2 h6 5. Nbd2 Bf5 6. dxc5 Nbd7 7. b4 Rc8 (7... a5 $16) 8. Bb2 b6 (8... e6 $142 9. c4 b6) 9. c6 Nb8 10. b5 e6 11. O-O Bc5 12. c4 O-O 13. cxd5 exd5 14. Nb3 Ne4 15. Nbd4 Bh7 16. Nd2 Qg5 17. Nxe4 Bxe4 18. Nf3 Qe7 19. Bd3 Ba3 20. Bxa3 Qxa3 21. Bxe4 dxe4 22. Nd4 a6 23. Qb3 Qxb3 24. axb3 axb5 25. Rfc1 Rc7 26. Ra8 b4 27. g4 Nd7 28. Rxf8+ Kxf8 29. Nb5 Rc8 30. c7 Nc5 31. Rc4 Ke7 32. Rxb4 Ne6 33. Rxe4 Kd7 34. Rc4 Nxc7 35. Rxc7+ Rxc7 36. Nxc7 Kxc7 37. Kf1 Kd6 38. Ke2 Ke5 39. Kd3 g5 40. f3 Kd5 41. Kc3 Kc5 42. f4 f6 43. fxg5 hxg5 44. e4 Kd6 45. Kd4 Ke6 46. h3 Kd6 47. Kc4 Kc6 48. Kd3 b5 49. Kd4 Kd6 50. b4 1-0

[Event "11th Festival Palmanova-B 2022"]
[Site "Strassoldo"]
[Date "2022.12.10"]
[Round "4.2"]
[White "Gasperi, Fosco"]
[Black "Bizzoco, Vito"]
[Result "1/2-1/2"]
[ECO "D15"]
[WhiteElo "1725"]
[BlackElo "1856"]
[Annotator "NA RC COMBH"]
[PlyCount "56"]
[EventDate "2022.12.08"]
[EventType "swiss"]
[EventCountry "ITA"]
[SourceTitle "playchess.com"]
[Source "ChessBase"]
[SourceQuality "1"]
[TimeControl "5400+30"]

1. d4 d5 2. c4 c6 3. Nf3 Nf6 4. Nc3 a6 5. e3 b5 6. b3 Bg4 7. Be2 e6 8. O-O Nbd7 9. Bb2 Be7 10. h3 Bh5 11. Ne5 Bxe2 12. Nxe2 Nxe5 13. dxe5 Nd7 14. cxd5 cxd5 15. Nf4 O-O 16. Qg4 Kh8 17. Rac1 Nc5 (17... Rc8 $1 $11) 18. Rc2 (18. Bd4 $5 Rc8 19. Rc2 $14) 18... Rc8 (18... a5 $14) 19. Rfc1 Qd7 $16 20. Ba3 Nxb3 21. Nh5 g6 22. Bxe7 $2 ({Not} 22. axb3 Rxc2 23. Rxc2 gxh5 $11) (22. Rxc8 $18 gxh5 23. Qxh5 (23. Rxf8+ Bxf8 24. Qxh5 Bxa3 $18) 23... Bxa3 24. Rxf8+ Bxf8 25. axb3) 22... Qxe7 23. axb3 Rxc2 24. Rxc2 gxh5 25. Qxh5 Rg8 26. f4 Qb4 27. Qxf7 Qe1+ 28. Kh2 Qg3+ 1/2-1/2

[Event "11th Festival Palmanova-B 2022"]
[Site "Strassoldo"]
[Date "2022.12.10"]
[Round "5.1"]
[White "Bizzoco, Vito"]
[Black "Orsatti, Marcello"]
[Result "1-0"]
[ECO "A37"]
[WhiteElo "1856"]
[BlackElo "1862"]
[Annotator "NA RC COMBH"]
[PlyCount "93"]
[EventDate "2022.12.08"]
[EventType "swiss"]
[EventCountry "ITA"]
[SourceTitle "playchess.com"]
[Source "ChessBase"]
[SourceQuality "1"]
[TimeControl "5400+30"]

1. Nf3 c5 2. c4 Nc6 3. Nc3 g6 4. g3 Bg7 5. Bg2 e5 6. O-O Nge7 7. d3 O-O 8. Bg5 f6 9. Bd2 d6 10. Ne1 Be6 11. Nc2 Qd7 12. Ne3 Bh3 13. Ned5 Bxg2 14. Kxg2 Nxd5 15. Nxd5 Ne7 16. e4 Nxd5 17. cxd5 f5 18. Rb1 Rac8 19. f3 c4 20. Be3 b6 21. Rc1 Qb5 22. dxc4 Qxb2+ 23. Rf2 Qa3 24. Qb3 Qa6 25. Rfc2 Bf6 26. a4 Be7 27. Qb5 Qxb5 28. cxb5 Rxc2+ 29. Rxc2 Rf7 30. Rc6 fxe4 31. fxe4 Bf8 32. Bd2 Rd7 33. Bb4 Kf7 34. Kf3 Ke7 35. Ke2 Kd8 36. a5 Rc7 37. axb6 Rxc6 38. bxc6 axb6 39. Kd3 Kc7 40. Kc4 Bh6 41. Kb5 Be3 42. Ka6 Bc5 43. Bd2 Bg1 44. g4 h5 45. gxh5 gxh5 46. h3 Bf2 47. Bg5 1-0

[Event "11th Festival Palmanova-B 2022"]
[Site "Strassoldo"]
[Date "2022.12.10"]
[Round "5.2"]
[White "Predan, Luca"]
[Black "Haselsberger, Armin"]
[Result "1-0"]
[ECO "A21"]
[WhiteElo "1750"]
[BlackElo "1671"]
[Annotator "NA RC COMBH"]
[PlyCount "53"]
[EventDate "2022.12.08"]
[EventType "swiss"]
[EventCountry "ITA"]
[SourceTitle "playchess.com"]
[Source "ChessBase"]
[SourceQuality "1"]
[TimeControl "5400+30"]

1. c4 e5 2. Nc3 Bb4 3. Nd5 Bc5 4. e3 Nf6 5. Nxf6+ Qxf6 6. d3 c6 7. a3 a5 8. Bd2 O-O 9. b4 axb4 10. axb4 Rxa1 11. Qxa1 Bd6 12. c5 Bc7 13. Bc3 Qe7 14. Nf3 f6 15. d4 Re8 16. Bc4+ Kh8 17. dxe5 fxe5 18. h4 h6 19. Ng5 g6 20. Nf7+ Kg7 21. f4 d5 22. cxd6 Bxd6 23. Nxd6 Qxd6 24. Bxe5+ Rxe5 25. Qxe5+ Qxe5 26. fxe5 Nd7 27. Be6 1-0

[Event "11th Festival Palmanova-B 2022"]
[Site "Strassoldo"]
[Date "2022.12.11"]
[Round "6.1"]
[White "Salzano Masini, Andre Carlos"]
[Black "Bizzoco, Vito"]
[Result "1-0"]
[ECO "B48"]
[WhiteElo "1694"]
[BlackElo "1856"]
[Annotator "NA RC COMBH"]
[PlyCount "93"]
[EventDate "2022.12.08"]
[EventType "swiss"]
[EventCountry "ITA"]
[SourceTitle "playchess.com"]
[Source "ChessBase"]
[SourceQuality "1"]
[TimeControl "5400+30"]

1. e4 c5 2. Nf3 e6 3. d4 cxd4 4. Nxd4 Nc6 5. Nc3 Qc7 6. Be3 a6 7. Qd2 Nf6 8. f3 Bb4 9. a3 Be7 10. g4 d6 11. h4 Ne5 12. O-O-O Nc4 13. Bxc4 Qxc4 14. g5 Nh5 15. f4 g6 16. f5 e5 17. fxg6 hxg6 18. b3 Qc5 19. Ndb5 Qc6 20. Nxd6+ Bxd6 21. Qxd6 Qxd6 22. Rxd6 Be6 23. Rb6 Rc8 24. Kb2 Ng3 25. Rg1 Rxc3 26. Kxc3 Ne2+ 27. Kd3 Nxg1 28. Bxg1 Bc8 29. Bf2 Kd8 30. Kc4 Kc7 31. Kc5 Rd8 32. Bg3 Rd2 33. Bxe5+ Kd8 34. c4 Kd7 35. Rf6 Ke8 36. Kb6 Rd3 37. Kc7 Bg4 38. Rd6 Rxd6 39. Bxd6 Bf3 40. Kxb7 a5 41. c5 Kd7 42. Kb6 a4 43. b4 Bxe4 44. b5 Kc8 45. c6 Bf3 46. Kc5 Be4 47. b6 1-0

[Event "11th Festival Palmanova-B 2022"]
[Site "Strassoldo"]
[Date "2022.12.11"]
[Round "6.2"]
[White "Gasperi, Fosco"]
[Black "Pin, Orlando"]
[Result "1-0"]
[ECO "D35"]
[WhiteElo "1725"]
[BlackElo "1630"]
[Annotator "NA RC COMBH"]
[PlyCount "43"]
[EventDate "2022.12.08"]
[EventType "swiss"]
[EventCountry "ITA"]
[SourceTitle "playchess.com"]
[Source "ChessBase"]
[SourceQuality "1"]
[TimeControl "5400+30"]

1. d4 d5 2. c4 e6 3. Nc3 Nf6 4. cxd5 exd5 5. Bg5 Be7 6. e3 Bf5 7. Bxf6 Bxf6 8. Qb3 Nd7 9. Qxd5 Bg6 10. Nf3 O-O 11. Be2 c6 12. Qb3 Nb6 13. O-O Re8 14. Rac1 Rc8 15. Rfd1 Qe7 16. h3 Red8 17. Nh2 Nd5 18. Nxd5 cxd5 19. Bg4 Rc7 20. Rc3 h5 21. Bf3 Rdc8 22. Bxd5 1-0